 Dungeon Crawl Stone Soup version 0.18-a0-1120-g03bd624 (webtiles) character file.

527 gorblad the Shield-Bearer (level 7, -1/44 HPs)
             Began as a Gargoyle Fighter on Jan 17, 2016.
             Slain by a hound (2 damage)
             ... on level 3 of the Dungeon.
             The game lasted 00:06:56 (3493 turns).

gorblad the Shield-Bearer (Gargoyle Fighter)        Turns: 3493, Time: 00:06:56

Health: -1/44      AC: 18    Str: 21    XL:     7   Next: 23%
Magic:  16/16      EV:  8    Int:  9    God:
Gold:   194        SH: 10    Dex:  9    Spells: 0 memorised, 6 levels left

rFire  . . .     SeeInvis .     a - +2 flail
rCold  . . .     Gourm    .     e - +5 ring mail
rNeg   + . .     Faith    .     c - +0 shield
rPois  ∞         Spirit   .     (no helmet)
rElec  +         Dismiss  .     x - +0 cloak
rCorr  .         Reflect  .     n - +0 pair of gloves
SustAt .         Harm     .     (no boots)
MR     .....                    (no amulet)
Stlth  ..........               l - ring of magical power
                                (no ring)

@: not resistant to hostile enchantments, extremely unstealthy
A: negative energy resistance 1, electricity resistance, unbreathing,
petrification resistance, rot immunity, AC +4
a: no special abilities


You were on level 3 of the Dungeon.
You were not hungry.

You visited 1 branch of the dungeon, and saw 4 of its levels.

You collected 194 gold pieces.

Inventory:

Hand Weapons
 a - a +2 flail (weapon)
Armour
 c - a +0 shield (worn)
 e - a +5 ring mail (worn)
 n - a +0 pair of gloves (worn)
 x - a +0 cloak (worn)
Jewellery
 l - a ring of magical power (right hand)
 s - an uncursed ring of flight {unknown}
Wands
 y - a wand of flame (18/48)
Scrolls
 b - a scroll of teleportation
 m - a scroll of fog {unknown}
 v - a scroll of amnesia
Potions
 d - 2 potions of might
 g - a potion of cancellation
 i - a potion of agility {unknown}
 k - 2 potions of lignification
 p - 2 potions of flight
 q - a potion of haste {unknown}
 r - 2 potions of resistance
 z - a potion of poison {unknown}
Comestibles
 f - 4 bread rations
 h - 2 chunks of flesh
 j - 2 meat rations
 o - 3 fruits


   Skills:
 + Level 5.5 Fighting
 - Level 2.0 Maces & Flails
 + Level 5.7 Armour
 + Level 5.8 Shields


You had 6 spell levels left.
You didn't know any spells.

Dungeon Overview and Level Annotations

Branches:
Dungeon (4/15)
 Temple: D:4-7

Altars:
Pakellas
Yredelemnul


Innate Abilities, Weirdness & Mutations

You are resistant to torment.
Your stone body is resilient (AC +4).
You are immune to poison.
You resist negative energy.
You are resistant to electric shocks.
You can survive without breathing.
You are immune to petrification.
You are immune to rotting.


Message History

The hound bites you but does no damage. x3
The hound bites you.
* * * LOW HITPOINT WARNING * * *
There is an open door here.
You hit the hound.
The hound is moderately wounded.
The hound bites you but does no damage. You block the hound's attack.
The hound bites you but does no damage. You block the hound's attack.
Your shield prevents you from hitting the hound.
The hound is moderately wounded.
You block the hound's attack. x2
The hound bites you but does no damage. The hound closely misses you.
You barely miss the hound.
The hound is moderately wounded.
The hound bites you but does no damage. You block the hound's attack.
The hound misses you. You block the hound's attack.
You closely miss the hound.
The hound is moderately wounded.
The hound bites you but does no damage. You block the hound's attack.
The hound bites you.
You die...

#.......................
#.......................
#.......................
#####....#####..........
#....#...#..........
#....'...'..........
#....#...#..........
#.h..#####..(......(
#####@######..........
#....h.....'..).......
#.....######.........#
#..........##.........
#..............#######
#..............#...#<#
#.....##.......#.#.#.#
#..............#)#...#
#).............'.#...#


You could see 2 hounds.

Vanquished Creatures
  Grinder (D:4)
  2 ogres (D:4)
  Natasha (twice) (D:2)
  2 adders
  3 worms
  A giant gecko (D:3)
  2 orcs (D:3)
  5 giant cockroaches
  5 goblins
  7 hobgoblins
  22 jackals
  6 kobolds
  2 ball pythons
  13 bats
  2 giant newts (D:1)
  8 rats
83 creatures vanquished.

Notes
Turn   | Place    | Note
--------------------------------------------------------------
     0 | D:1      | gorblad the Gargoyle Fighter began the quest for the Orb.
     0 | D:1      | Reached XP level 1. HP: 14/14 MP: 1/1
   142 | D:1      | Reached XP level 2. HP: 13/19 MP: 2/2
   663 | D:1      | Reached XP level 3. HP: 21/23 MP: 3/3
   889 | D:2      | Found a basalt altar of Yredelemnul.
  1019 | D:2      | Reached skill level 4 in Armour
  1276 | D:2      | Noticed Natasha
  1288 | D:2      | Killed Natasha
  1288 | D:2      | Reached XP level 4. HP: 20/29 MP: 4/4
  1707 | D:2      | Noticed Natasha
  1721 | D:2      | Killed Natasha
  1732 | D:2      | Reached XP level 5. HP: 10/33 MP: 5/5
  2791 | D:3      | Found an oddly glowing altar of Pakellas.
  3300 | D:4      | Noticed an ogre
  3304 | D:4      | Noticed Grinder
  3305 | D:4      | Killed an ogre
  3305 | D:4      | Reached skill level 5 in Armour
  3305 | D:4      | Reached skill level 5 in Shields
  3305 | D:4      | Reached XP level 6. HP: 39/39 MP: 6/6
  3331 | D:4      | Killed Grinder
  3331 | D:4      | Reached skill level 5 in Fighting
  3331 | D:4      | Reached XP level 7. HP: 37/44 MP: 7/7
  3486 | D:3      | HP: 2/44 [hound (4)]
  3493 | D:3      | Slain by a hound

Vault maps used:
D:1:      lightli_arrival_statuegarden, serial_corexii_hall,
          corexii_hall_statues_l, corexii_hall_statues_x, minmay_close_crescents
D:2:      overflow_temple_1_default, first_bread, uniq_natasha
D:3:      marbit_many_paths, grunt_decor_one_mirror, minmay_unequal
D:4:      uniq_grinder

Action                   |  1- 3 |  4- 6 |  7- 9 || total
-------------------------+-------+-------+-------++-------
Melee: Flail             |   146 |   183 |    20 ||   349
  Use: Scroll            |     6 |     7 |       ||    13
  Eat: Chunk             |     1 |     7 |     1 ||     9
